2842 views
Uploaded 2019-12-01 21:16:49
Game version 1.32.0.3 / 1.32.0.3.1
29:33 long 3on3 ladder game on (6)Monsoon_LV
Saved by BEARAND
2842 views
Uploaded 2019-12-01 21:16:49
Game version 1.32.0.3 / 1.32.0.3.1
29:33 long 3on3 ladder game on (6)Monsoon_LV


175 units @ 24.5k
/ 3.7k
74 buildings @ 11.6k
/ 5.6k

| Wisp | 29 | 1740 | / | 0 |
| Archer | 6 | 780 | / | 60 |
| Huntress | 2 | 390 | / | 40 |
| Dryad | 7 | 1015 | / | 420 |
| Druid of the Claw | 5 | 1275 | / | 400 |
| Glaive Thrower | 4 | 840 | / | 260 |
| Chimaera | 13 | 4290 | / | 910 |
| Gnoll Warden | 1 | 215 | / | 20 |
| total: | 67 | 10545g | / | 2110w |
| Ancient Protector | 3 | 405 | / | 240 |
| Moon Well | 9 | 1620 | / | 360 |
| Altar of Elders | 1 | 180 | / | 50 |
| Ancient of War | 4 | 600 | / | 240 |
| Hunter's Hall | 1 | 210 | / | 100 |
| Tree of Life | 2 | 680 | / | 370 |
| Ancient of Lore | 2 | 310 | / | 290 |
| Chimaera Roost | 3 | 420 | / | 570 |
| Tree of Ages | 1 | 320 | / | 180 |
| Tree of Eternity | 1 | 330 | / | 200 |
| total: | 25 | 4425g | / | 2220w |
| 0:04 | Wisp |
| 0:04 | Wisp |
| 0:15 | Moon Well |
| 0:26 | Altar of Elders |
| 0:39 | Wisp |
| 0:39 | Wisp |
| 0:51 | Ancient of War |
| 0:56 | Ancient of War |
| 1:01 | Wisp |
| 1:26 | Wisp |
| 1:29 | Wisp |
| 1:47 | Wisp |
| 1:52 | Wisp |
| 2:21 | Archer |
| 2:21 | Archer |
| 2:38 | Moon Well |
| 2:42 | Wisp |
| 2:49 | Wisp |
| 3:03 | Moon Well |
| 3:08 | Force of Nature |
| 3:20 | Archer |
| 3:25 | Tree of Ages |
| 3:33 | Hunter's Hall |
| 4:05 | Moon Well |
| 4:23 | Entangling Roots |
| 4:42 | Huntress |
| 4:44 | Huntress |
| 4:48 | Strength of the Wild |
| 5:08 | Gnoll Warden |
| 5:49 | Tree of Eternity |
| 5:53 | Ancient of Lore |
| 6:27 | Archer |
| 6:35 | Ancient of Lore |
| 6:37 | Reinforced Hides |
| 7:25 | Force of Nature |
| 7:33 | Improved Strength of the Wild |
| 7:36 | Druid of the Claw Adept Training |
| 7:55 | Moon Well |
| 8:08 | Abolish Magic |
| 8:11 | Wisp |
| 8:11 | Wisp |
| 8:11 | Wisp |
| 8:24 | Dryad |
| 8:27 | Wisp |
| 9:17 | Archer |
| 9:17 | Archer |
| 9:23 | Tree of Life |
| 9:53 | Druid of the Claw Master Training |
| 9:58 | Entangling Roots |
| 10:56 | Mark of the Claw |
| 10:58 | Druid of the Claw |
| 11:00 | Wisp |
| 12:23 | Druid of the Claw |
| 12:26 | Improved Reinforced Hides |
| 12:53 | Advanced Strength of the Wild |
| 13:00 | Ancient Protector |
| 13:02 | Dryad |
| 13:02 | Dryad |
| 13:06 | Wisp |
| 13:06 | Wisp |
| 13:06 | Wisp |
| 13:26 | Druid of the Claw |
| 13:36 | Wisp |
| 13:37 | Wisp |
| 13:39 | Dryad |
| 14:02 | Dryad |
| 14:50 | Druid of the Claw |
| 14:50 | Dryad |
| 14:58 | Moon Well |
| 15:08 | Force of Nature |
| 18:14 | Vorpal Blades |
| 18:14 | Glaive Thrower |
| 18:14 | Glaive Thrower |
| 18:41 | Ancient Protector |
| 19:15 | Druid of the Claw |
| 19:15 | Dryad |
| 19:18 | Wisp |
| 19:25 | Tree of Life |
| 19:42 | Wisp |
| 19:42 | Wisp |
| 19:43 | Wisp |
| 19:58 | Chimaera Roost |
| 20:04 | Ancient Protector |
| 22:06 | Corrosive Breath |
| 22:07 | Chimaera |
| 22:24 | Moon Well |
| 22:29 | Moon Well |
| 22:30 | Moon Well |
| 23:58 | Chimaera |
| 24:25 | Tranquility |
| 24:36 | Ancient of War |
| 24:37 | Ancient of War |
| 24:39 | Wisp |
| 26:52 | Chimaera |
| 26:52 | Chimaera |
| 26:52 | Chimaera |
| 26:53 | Chimaera |
| 26:53 | Chimaera |
| 26:53 | Chimaera |
| 26:53 | Chimaera |
| 27:03 | Chimaera Roost |
| 27:06 | Chimaera Roost |
| 27:45 | Wisp |
| 27:45 | Wisp |
| 27:45 | Wisp |
| 28:03 | Advanced Reinforced Hides |
| 28:38 | Chimaera |
| 28:38 | Chimaera |
| 28:38 | Chimaera |
| 28:39 | Chimaera |
| 28:43 | Glaive Thrower |
| 28:44 | Glaive Thrower |
| Right click | 1093 |
| Select | 535 |
| Build/train/purchase | 108 |
| Use ability | 43 |
| Resource trade | 10 |
| Misc. action | 8 |
| Minimap ping | 6 |
| Item give/drop | 3 |
| Remove unit | 2 |

| Peasant | 31 | 2325 | / | 0 |
| Footman | 24 | 3240 | / | 0 |
| Rifleman | 6 | 1230 | / | 180 |
| Priest | 2 | 270 | / | 20 |
| Sorceress | 4 | 620 | / | 80 |
| Dragonhawk Rider | 3 | 600 | / | 90 |
| total: | 70 | 8285g | / | 370w |
| Altar of Kings | 1 | 180 | / | 50 |
| Barracks | 2 | 320 | / | 120 |
| Farm | 13 | 1040 | / | 260 |
| Lumber Mill | 2 | 240 | / | 0 |
| Blacksmith | 1 | 140 | / | 60 |
| Town Hall | 2 | 770 | / | 410 |
| Arcane Vault | 1 | 130 | / | 30 |
| Arcane Sanctum | 3 | 450 | / | 420 |
| Gryphon Aviary | 2 | 280 | / | 300 |
| Keep | 1 | 320 | / | 210 |
| Ancient of War | 1 | 150 | / | 60 |
| total: | 28 | 3700g | / | 1710w |
| 0:06 | Peasant |
| 0:06 | Peasant |
| 0:06 | Peasant |
| 0:16 | Altar of Kings |
| 0:25 | Peasant |
| 0:25 | Peasant |
| 0:25 | Peasant |
| 0:53 | Barracks |
| 1:00 | Farm |
| 1:23 | Farm |
| 1:45 | Farm |
| 2:15 | Lumber Mill |
| 2:20 | Footman |
| 2:21 | Footman |
| 2:21 | Footman |
| 2:22 | Footman |
| 2:23 | Footman |
| 2:33 | Farm |
| 2:42 | Flame Strike |
| 2:51 | Peasant |
| 2:51 | Peasant |
| 3:17 | Farm |
| 3:50 | Barracks |
| 4:44 | Blacksmith |
| 5:12 | Footman |
| 5:12 | Footman |
| 5:13 | Footman |
| 5:51 | Farm |
| 5:53 | Footman |
| 5:54 | Footman |
| 6:11 | Siphon Mana |
| 6:52 | Town Hall |
| 7:35 | Town Hall |
| 7:52 | Keep |
| 7:56 | Rifleman |
| 8:18 | Rifleman |
| 8:55 | Rifleman |
| 8:55 | Rifleman |
| 9:34 | Farm |
| 9:38 | Farm |
| 9:42 | Iron Forged Swords |
| 9:43 | Iron Plating |
| 9:57 | Peasant |
| 9:57 | Peasant |
| 9:59 | Peasant |
| 10:56 | Footman |
| 10:56 | Footman |
| 10:56 | Footman |
| 11:01 | Peasant |
| 11:01 | Peasant |
| 11:05 | Farm |
| 11:12 | Farm |
| 12:41 | Defend |
| 12:42 | Long Rifles |
| 12:46 | Black Gunpowder |
| 12:46 | Studded Leather Armor |
| 13:13 | Arcane Sanctum |
| 13:20 | Improved Masonry |
| 13:21 | Improved Lumber Harvesting |
| 13:26 | Arcane Sanctum |
| 13:33 | Peasant |
| 13:34 | Peasant |
| 13:34 | Peasant |
| 13:34 | Peasant |
| 13:35 | Peasant |
| 14:57 | Arcane Sanctum |
| 14:59 | Priest |
| 14:59 | Priest |
| 15:00 | Priest Adept Training |
| 15:14 | Lumber Mill |
| 15:21 | Peasant |
| 15:21 | Peasant |
| 15:28 | Peasant |
| 15:28 | Peasant |
| 15:28 | Peasant |
| 15:28 | Peasant |
| 16:18 | Gryphon Aviary |
| 16:23 | Steel Plating |
| 17:56 | Gryphon Aviary |
| 18:14 | Footman |
| 18:14 | Footman |
| 18:14 | Footman |
| 18:14 | Footman |
| 18:15 | Footman |
| 18:15 | Footman |
| 18:16 | Footman |
| 18:19 | Sorceress |
| 18:20 | Sorceress |
| 18:20 | Sorceress |
| 18:20 | Sorceress |
| 18:47 | Peasant |
| 18:47 | Peasant |
| 18:48 | Peasant |
| 19:19 | Arcane Vault |
| 19:26 | Farm |
| 19:55 | Steel Forged Swords |
| 20:11 | Sorceress Adept Training |
| 20:25 | Farm |
| 20:31 | Farm |
| 21:18 | Footman |
| 21:18 | Footman |
| 21:18 | Footman |
| 22:11 | Footman |
| 24:01 | Peasant |
| 24:01 | Peasant |
| 24:02 | Peasant |
| 24:02 | Peasant |
| 26:52 | Ancient of War |
| 27:49 | Dragonhawk Rider |
| 27:49 | Dragonhawk Rider |
| 27:50 | Dragonhawk Rider |
| 27:56 | Rifleman |
| 27:56 | Rifleman |
| Right click | 488 |
| Select | 414 |
| Build/train/purchase | 89 |
| Use ability | 12 |
| Resource trade | 9 |
| Minimap ping | 7 |
| Esc | 2 |

| Lesser Clarity Potion | 1 | 70 |
| Potion of Healing | 2 | 300 |
| Dust of Appearance | 1 | 75 |
| total: | 4 | 445g |
| Wisp | 23 | 1380 | / | 0 |
| Druid of the Claw | 9 | 2295 | / | 720 |
| Mountain Giant | 3 | 1050 | / | 300 |
| Chimaera | 3 | 990 | / | 210 |
| total: | 38 | 5715g | / | 1230w |
| Ancient Protector | 6 | 810 | / | 480 |
| Altar of Elders | 1 | 180 | / | 50 |
| Moon Well | 8 | 1440 | / | 320 |
| Ancient of Wonders | 1 | 90 | / | 30 |
| Hunter's Hall | 1 | 210 | / | 100 |
| Tree of Life | 1 | 340 | / | 185 |
| Ancient of Lore | 2 | 310 | / | 290 |
| Chimaera Roost | 1 | 140 | / | 190 |
| Tree of Ages | 3 | 960 | / | 540 |
| Tree of Eternity | 1 | 330 | / | 200 |
| total: | 21 | 3520g | / | 1645w |
| 0:06 | Wisp |
| 0:06 | Wisp |
| 0:11 | Altar of Elders |
| 0:18 | Moon Well |
| 0:35 | Wisp |
| 0:35 | Wisp |
| 0:35 | Wisp |
| 0:56 | Wisp |
| 0:56 | Wisp |
| 1:32 | Wisp |
| 1:33 | Wisp |
| 2:09 | Moon Well |
| 2:13 | Tree of Ages |
| 2:21 | Ancient of Wonders |
| 2:26 | Fan of Knives |
| 3:09 | Hunter's Hall |
| 3:14 | Moon Well |
| 3:33 | Lesser Clarity Potion |
| 4:40 | Ancient of Lore |
| 4:44 | Ancient of Lore |
| 4:48 | Wisp |
| 4:48 | Wisp |
| 5:07 | Strength of the Wild |
| 5:08 | Reinforced Hides |
| 5:23 | Tree of Eternity |
| 5:32 | Moon Well |
| 5:54 | Druid of the Claw |
| 5:57 | Druid of the Claw |
| 6:27 | Shadow Strike |
| 6:32 | Druid of the Claw |
| 6:53 | Druid of the Claw Adept Training |
| 6:55 | Druid of the Claw |
| 7:39 | Druid of the Claw |
| 7:48 | Druid of the Claw Master Training |
| 8:09 | Druid of the Claw |
| 8:27 | Fan of Knives |
| 8:32 | Wisp |
| 8:52 | Druid of the Claw |
| 9:02 | Tree of Life |
| 9:15 | Mark of the Claw |
| 9:22 | Moon Well |
| 9:27 | Moon Well |
| 9:37 | Druid of the Claw |
| 9:52 | Potion of Healing |
| 10:05 | Potion of Healing |
| 10:38 | Mountain Giant |
| 11:29 | Mountain Giant |
| 11:44 | Resistant Skin |
| 11:50 | Wisp |
| 11:50 | Wisp |
| 11:51 | Wisp |
| 11:57 | Shadow Strike |
| 12:27 | Wisp |
| 12:27 | Wisp |
| 12:27 | Wisp |
| 12:41 | Hardened Skin |
| 13:03 | Improved Strength of the Wild |
| 13:04 | Improved Reinforced Hides |
| 13:24 | Mountain Giant |
| 13:48 | Druid of the Claw |
| 15:03 | Dust of Appearance |
| 15:30 | Wisp |
| 15:30 | Wisp |
| 15:39 | Advanced Reinforced Hides |
| 15:41 | Advanced Strength of the Wild |
| 17:15 | Moon Well |
| 17:16 | Moon Well |
| 17:26 | Chimaera Roost |
| 18:55 | Chimaera |
| 19:15 | Chimaera |
| 20:17 | Wisp |
| 20:18 | Wisp |
| 20:18 | Wisp |
| 20:34 | Chimaera |
| 20:55 | Ancient Protector |
| 20:58 | Ancient Protector |
| 21:02 | Ancient Protector |
| 21:10 | Ancient Protector |
| 21:15 | Ancient Protector |
| 21:28 | Ancient Protector |
| Right click | 1206 |
| Select group | 968 |
| Select | 290 |
| Build/train/purchase | 81 |
| Assign group | 18 |
| Chat | 16 |
| Use ability | 14 |
| Misc. action | 10 |
| Minimap ping | 6 |
78 units @ 8.5k
/ 0.6k
166 buildings @ 15.2k
/ 8.7k



| Healing Salve | 3 | 300 |
| Lesser Clarity Potion | 3 | 210 |
| Orb of Lightning | 3 | 1125 |
| Staff of Teleportation | 3 | 450 |
| Boots of Speed | 4 | 1000 |
| Periapt of Vitality | 1 | 325 |
| Staff of Sanctuary | 3 | 750 |
| total: | 20 | 4160g |
| Peon | 21 | 1575 | / | 0 |
| Troll Batrider | 7 | 1120 | / | 280 |
| total: | 28 | 2695g | / | 280w |
| Watch Tower | 48 | 5280 | / | 3840 |
| Altar of Storms | 1 | 180 | / | 50 |
| Orc Burrow | 3 | 480 | / | 120 |
| War Mill | 1 | 205 | / | 0 |
| Voodoo Lounge | 2 | 260 | / | 60 |
| Great Hall | 1 | 385 | / | 185 |
| Beastiary | 1 | 145 | / | 140 |
| Stronghold | 1 | 315 | / | 190 |
| Fortress | 1 | 325 | / | 190 |
| total: | 57 | 6935g | / | 4395w |
| 0:04 | Peon |
| 0:04 | Peon |
| 0:10 | Altar of Storms |
| 0:14 | Peon |
| 0:17 | Orc Burrow |
| 0:22 | Peon |
| 0:32 | Peon |
| 1:03 | War Mill |
| 1:04 | Peon |
| 1:09 | Voodoo Lounge |
| 1:22 | Peon |
| 1:34 | Peon |
| 1:48 | Peon |
| 2:03 | Peon |
| 2:04 | Peon |
| 2:10 | Wind Walk |
| 2:13 | Healing Salve |
| 2:15 | Healing Salve |
| 2:15 | Lesser Clarity Potion |
| 2:23 | Watch Tower |
| 2:37 | Watch Tower |
| 2:53 | Orc Burrow |
| 3:44 | Stronghold |
| 3:56 | Voodoo Lounge |
| 4:34 | Watch Tower |
| 4:34 | Watch Tower |
| 4:43 | Staff of Teleportation |
| 4:43 | Boots of Speed |
| 4:48 | Boots of Speed |
| 5:12 | Spiked Barricades |
| 6:08 | Fortress |
| 6:21 | Watch Tower |
| 6:21 | Watch Tower |
| 7:03 | Critical Strike |
| 7:36 | Orc Burrow |
| 7:39 | Watch Tower |
| 7:40 | Watch Tower |
| 7:42 | Beastiary |
| 8:02 | Lesser Clarity Potion |
| 8:28 | Orb of Lightning |
| 8:33 | Healing Wave |
| 8:59 | Great Hall |
| 9:04 | Watch Tower |
| 9:04 | Watch Tower |
| 9:44 | Hex |
| 9:54 | Reinforced Defenses |
| 10:21 | Staff of Teleportation |
| 10:24 | Boots of Speed |
| 10:38 | Watch Tower |
| 10:40 | Shockwave |
| 11:04 | Wind Walk |
| 12:34 | Watch Tower |
| 12:35 | Watch Tower |
| 12:36 | Peon |
| 12:36 | Peon |
| 12:36 | Peon |
| 12:38 | Peon |
| 13:15 | Healing Wave |
| 13:22 | Watch Tower |
| 13:23 | Watch Tower |
| 13:23 | Watch Tower |
| 13:24 | Watch Tower |
| 13:36 | Staff of Sanctuary |
| 13:38 | Staff of Sanctuary |
| 13:55 | Watch Tower |
| 13:56 | Watch Tower |
| 14:07 | Orb of Lightning |
| 14:12 | Endurance Aura |
| 14:20 | Liquid Fire |
| 14:21 | Peon |
| 14:21 | Peon |
| 14:36 | Improved Spiked Barricades |
| 14:44 | Staff of Teleportation |
| 14:44 | Boots of Speed |
| 15:02 | Peon |
| 15:02 | Peon |
| 15:16 | Watch Tower |
| 15:48 | Watch Tower |
| 15:49 | Watch Tower |
| 15:53 | Watch Tower |
| 15:54 | Watch Tower |
| 15:57 | Troll Batrider |
| 15:58 | Troll Batrider |
| 16:08 | Healing Salve |
| 16:15 | Orb of Lightning |
| 16:17 | Staff of Sanctuary |
| 16:27 | Watch Tower |
| 16:30 | Periapt of Vitality |
| 16:57 | Watch Tower |
| 17:00 | Watch Tower |
| 17:17 | Watch Tower |
| 17:21 | Peon |
| 17:21 | Peon |
| 17:28 | Critical Strike |
| 17:34 | Watch Tower |
| 18:14 | Watch Tower |
| 18:15 | Watch Tower |
| 18:38 | Watch Tower |
| 19:02 | Watch Tower |
| 19:04 | Watch Tower |
| 19:13 | Troll Batrider |
| 19:14 | Troll Batrider |
| 19:45 | Watch Tower |
| 20:20 | Lesser Clarity Potion |
| 20:48 | Watch Tower |
| 20:48 | Watch Tower |
| 20:59 | Watch Tower |
| 21:27 | Shockwave |
| 21:54 | Watch Tower |
| 21:55 | Watch Tower |
| 21:56 | Hex |
| 22:57 | Watch Tower |
| 23:52 | Critical Strike |
| 24:00 | Watch Tower |
| 24:01 | Watch Tower |
| 24:02 | Watch Tower |
| 24:38 | Watch Tower |
| 25:14 | Troll Batrider |
| 25:14 | Troll Batrider |
| 25:17 | Troll Batrider |
| 25:18 | Steel Armor |
| 27:13 | Healing Wave |
| 27:21 | Watch Tower |
| 27:22 | Watch Tower |
| 28:57 | Endurance Aura |
| 29:42 | Watch Tower |
| Right click | 1865 |
| Select group | 1017 |
| Select | 233 |
| Build/train/purchase | 178 |
| Use ability | 92 |
| Misc. action | 58 |
| Chat | 57 |
| Item give/drop | 19 |
| Assign group | 14 |
| Minimap ping | 5 |
| Resource trade | 5 |
| Esc | 1 |



x1)
| Lesser Clarity Potion | 2 | 140 |
| Staff of Sanctuary | 3 | 750 |
| Staff of Teleportation | 3 | 450 |
| Boots of Speed | 3 | 750 |
| Tome of Retraining | 1 | 300 |
| Healing Salve | 2 | 200 |
| Orb of Lightning | 3 | 1125 |
| total: | 17 | 3715g |
| Peasant | 17 | 1275 | / | 0 |
| Priest | 2 | 270 | / | 20 |
| Sorceress | 1 | 155 | / | 20 |
| total: | 20 | 1700g | / | 40w |
| Scout Tower | 63 | 1890 | / | 1260 |
| Arcane Tower | 15 | 1050 | / | 750 |
| Guard Tower | 15 | 1050 | / | 750 |
| Altar of Kings | 1 | 180 | / | 50 |
| Farm | 4 | 320 | / | 80 |
| Lumber Mill | 1 | 120 | / | 0 |
| Town Hall | 1 | 385 | / | 205 |
| Arcane Vault | 4 | 520 | / | 120 |
| Arcane Sanctum | 1 | 150 | / | 140 |
| Keep | 1 | 320 | / | 210 |
| Castle | 2 | 720 | / | 420 |
| total: | 75 | 3565g | / | 1855w |
| 0:12 | Peasant |
| 0:12 | Peasant |
| 0:17 | Altar of Kings |
| 0:28 | Farm |
| 0:38 | Peasant |
| 0:45 | Lumber Mill |
| 0:58 | Farm |
| 1:03 | Peasant |
| 1:07 | Peasant |
| 1:18 | Peasant |
| 1:26 | Peasant |
| 1:35 | Scout Tower |
| 1:39 | Peasant |
| 1:52 | Scout Tower |
| 1:56 | Peasant |
| 2:00 | Peasant |
| 2:02 | Arcane Tower |
| 2:04 | Scout Tower |
| 2:16 | Summon Water Elemental |
| 2:23 | Guard Tower |
| 2:25 | Scout Tower |
| 2:27 | Scout Tower |
| 2:37 | Peasant |
| 2:38 | Peasant |
| 2:38 | Peasant |
| 2:38 | Peasant |
| 2:47 | Guard Tower |
| 2:52 | Guard Tower |
| 3:34 | Guard Tower |
| 3:36 | Scout Tower |
| 3:45 | Scout Tower |
| 3:47 | Scout Tower |
| 3:59 | Scout Tower |
| 4:04 | Healing Salve |
| 4:06 | Lesser Clarity Potion |
| 4:13 | Guard Tower |
| 4:14 | Guard Tower |
| 4:15 | Keep |
| 4:17 | Scout Tower |
| 4:18 | Scout Tower |
| 4:25 | Farm |
| 4:31 | Scout Tower |
| 4:35 | Arcane Tower |
| 4:53 | Staff of Teleportation |
| 5:14 | Boots of Speed |
| 6:13 | Guard Tower |
| 6:23 | Scout Tower |
| 6:24 | Scout Tower |
| 6:24 | Scout Tower |
| 6:25 | Scout Tower |
| 6:28 | Scout Tower |
| 6:28 | Scout Tower |
| 6:29 | Scout Tower |
| 6:29 | Scout Tower |
| 6:34 | Scout Tower |
| 7:15 | Castle |
| 7:18 | Scout Tower |
| 7:33 | Farm |
| 7:35 | Improved Masonry |
| 8:03 | Storm Bolt |
| 8:13 | Guard Tower |
| 8:14 | Guard Tower |
| 8:25 | Healing Salve |
| 8:27 | Lesser Clarity Potion |
| 8:39 | Advanced Masonry |
| 9:20 | Brilliance Aura |
| 9:33 | Guard Tower |
| 10:00 | Town Hall |
| 10:42 | Boots of Speed |
| 10:42 | Staff of Teleportation |
| 10:49 | Scout Tower |
| 10:49 | Scout Tower |
| 10:50 | Scout Tower |
| 10:52 | Scout Tower |
| 10:52 | Scout Tower |
| 11:08 | Arcane Vault |
| 11:09 | Arcane Vault |
| 11:19 | Guard Tower |
| 11:51 | Bash |
| 12:43 | Arcane Vault |
| 12:44 | Arcane Vault |
| 12:49 | Holy Light |
| 13:00 | Scout Tower |
| 13:01 | Scout Tower |
| 13:02 | Arcane Sanctum |
| 13:26 | Boots of Speed |
| 13:26 | Staff of Teleportation |
| 13:48 | Staff of Sanctuary |
| 13:53 | Staff of Sanctuary |
| 13:53 | Staff of Sanctuary |
| 14:18 | Orb of Lightning |
| 14:18 | Orb of Lightning |
| 14:23 | Magic Sentry |
| 14:26 | Priest |
| 14:36 | Scout Tower |
| 14:37 | Scout Tower |
| 14:39 | Scout Tower |
| 14:39 | Scout Tower |
| 14:46 | Scout Tower |
| 14:47 | Scout Tower |
| 14:48 | Scout Tower |
| 14:48 | Scout Tower |
| 14:49 | Scout Tower |
| 14:49 | Scout Tower |
| 14:50 | Scout Tower |
| 14:51 | Scout Tower |
| 14:52 | Scout Tower |
| 14:53 | Scout Tower |
| 14:53 | Scout Tower |
| 14:54 | Scout Tower |
| 14:56 | Scout Tower |
| 15:48 | Tome of Retraining |
| 15:48 | Retrain Hero |
| 15:51 | Blizzard |
| 15:51 | Brilliance Aura |
| 15:51 | Blizzard |
| 15:59 | Arcane Tower |
| 16:00 | Guard Tower |
| 16:00 | Guard Tower |
| 16:07 | Scout Tower |
| 16:07 | Scout Tower |
| 16:08 | Scout Tower |
| 16:08 | Scout Tower |
| 16:09 | Scout Tower |
| 16:09 | Scout Tower |
| 16:10 | Scout Tower |
| 16:10 | Scout Tower |
| 16:14 | Arcane Tower |
| 16:14 | Arcane Tower |
| 16:18 | Priest |
| 16:19 | Imbued Masonry |
| 16:19 | Improved Lumber Harvesting |
| 16:24 | Guard Tower |
| 17:50 | Storm Bolt |
| 17:58 | Scout Tower |
| 17:59 | Scout Tower |
| 18:01 | Scout Tower |
| 18:01 | Scout Tower |
| 18:02 | Scout Tower |
| 18:03 | Scout Tower |
| 18:04 | Scout Tower |
| 18:04 | Scout Tower |
| 18:05 | Scout Tower |
| 18:38 | Backpack |
| 18:39 | Arcane Tower |
| 18:41 | Sorceress |
| 18:46 | Peasant |
| 18:46 | Peasant |
| 18:47 | Peasant |
| 19:04 | Advanced Lumber Harvesting |
| 19:08 | Divine Shield |
| 19:50 | Sorceress Adept Training |
| 19:58 | Arcane Tower |
| 20:01 | Arcane Tower |
| 20:15 | Arcane Tower |
| 20:22 | Arcane Tower |
| 21:04 | Arcane Tower |
| 21:05 | Arcane Tower |
| 21:54 | Guard Tower |
| 24:49 | Orb of Lightning |
| 25:10 | Brilliance Aura |
| 26:54 | Holy Light |
| 27:48 | Bash |
| Right click | 1878 |
| Select | 524 |
| Select group | 413 |
| Chat | 343 |
| Build/train/purchase | 337 |
| Use ability | 90 |
| Misc. action | 26 |
| Assign group | 21 |
| Minimap ping | 19 |
| Item give/drop | 10 |
| Resource trade | 10 |


| Lesser Clarity Potion | 4 | 280 |
| Healing Salve | 5 | 500 |
| Scroll of Speed | 4 | 200 |
| Potion of Healing | 1 | 150 |
| Potion of Mana | 3 | 600 |
| Orb of Lightning | 1 | 375 |
| Tiny Great Hall | 1 | 600 |
| Scroll of Town Portal | 3 | 1050 |
| Scroll of Healing | 1 | 250 |
| Scroll of Protection | 1 | 150 |
| total: | 24 | 4155g |
| Peon | 14 | 1050 | / | 0 |
| Grunt | 8 | 1600 | / | 0 |
| Kodo Beast | 1 | 255 | / | 60 |
| Raider | 5 | 900 | / | 200 |
| Shaman | 2 | 260 | / | 40 |
| total: | 30 | 4065g | / | 300w |
| Watch Tower | 20 | 2200 | / | 1600 |
| Altar of Storms | 1 | 180 | / | 50 |
| Orc Burrow | 6 | 960 | / | 240 |
| Barracks | 1 | 180 | / | 50 |
| War Mill | 2 | 410 | / | 0 |
| Voodoo Lounge | 1 | 130 | / | 30 |
| Great Hall | 1 | 385 | / | 185 |
| Beastiary | 1 | 145 | / | 140 |
| Spirit Lodge | 1 | 150 | / | 150 |
| Stronghold | 1 | 315 | / | 190 |
| Fortress | 1 | 325 | / | 190 |
| total: | 34 | 4740g | / | 2445w |
| 0:02 | Peon |
| 0:02 | Peon |
| 0:09 | Altar of Storms |
| 0:14 | Orc Burrow |
| 0:25 | Peon |
| 0:39 | Barracks |
| 0:47 | Peon |
| 1:34 | Peon |
| 1:41 | Orc Burrow |
| 1:43 | Grunt |
| 2:19 | War Stomp |
| 2:32 | Grunt |
| 2:32 | Grunt |
| 2:32 | Grunt |
| 2:59 | Peon |
| 3:09 | Grunt |
| 3:29 | War Mill |
| 3:57 | Stronghold |
| 4:06 | Endurance Aura |
| 4:54 | Voodoo Lounge |
| 5:19 | Watch Tower |
| 5:38 | Watch Tower |
| 5:43 | Watch Tower |
| 6:00 | Spiked Barricades |
| 6:09 | Watch Tower |
| 6:19 | Peon |
| 6:21 | Lesser Clarity Potion |
| 6:25 | Healing Salve |
| 6:26 | Scroll of Speed |
| 6:37 | Berserker Strength |
| 6:43 | Orc Burrow |
| 6:45 | Peon |
| 7:47 | Improved Spiked Barricades |
| 7:51 | Watch Tower |
| 8:14 | Steel Melee Weapons |
| 8:30 | Watch Tower |
| 8:42 | Grunt |
| 8:50 | Orc Burrow |
| 9:38 | Endurance Aura |
| 10:19 | Watch Tower |
| 10:28 | Great Hall |
| 10:31 | Healing Wave |
| 10:50 | Healing Salve |
| 10:51 | Lesser Clarity Potion |
| 10:51 | Scroll of Speed |
| 11:07 | Reinforced Defenses |
| 11:38 | Orc Burrow |
| 12:56 | Fortress |
| 13:06 | Grunt |
| 13:17 | Watch Tower |
| 13:24 | Peon |
| 13:24 | Peon |
| 13:40 | Scroll of Town Portal |
| 13:41 | Scroll of Healing |
| 13:42 | Scroll of Protection |
| 13:59 | Watch Tower |
| 14:17 | Beastiary |
| 14:37 | Steel Armor |
| 15:09 | Thorium Melee Weapons |
| 16:33 | Watch Tower |
| 17:02 | Grunt |
| 17:06 | Healing Salve |
| 17:07 | Lesser Clarity Potion |
| 17:19 | Potion of Healing |
| 17:19 | Potion of Mana |
| 17:24 | Lesser Clarity Potion |
| 17:25 | Healing Salve |
| 17:33 | Scroll of Speed |
| 17:34 | Orb of Lightning |
| 17:45 | Scroll of Town Portal |
| 18:02 | Watch Tower |
| 18:19 | Envenomed Spears |
| 18:24 | Steel Ranged Weapons |
| 18:35 | Watch Tower |
| 18:38 | Peon |
| 18:38 | Peon |
| 18:50 | War Mill |
| 18:59 | Pillage |
| 19:11 | Watch Tower |
| 19:29 | Peon |
| 19:29 | Peon |
| 19:52 | Spirit Lodge |
| 19:55 | War Drums Damage Increase |
| 20:03 | Kodo Beast |
| 20:51 | Raider |
| 20:51 | Raider |
| 21:03 | Shaman Adept Training |
| 21:32 | Watch Tower |
| 22:32 | Raider |
| 22:32 | Raider |
| 22:35 | Shaman Master Training |
| 22:51 | Healing Salve |
| 22:52 | Scroll of Town Portal |
| 23:02 | Arcanite Melee Weapons |
| 24:11 | War Stomp |
| 25:06 | Orc Burrow |
| 25:31 | Watch Tower |
| 25:35 | Thorium Armor |
| 25:37 | Thorium Ranged Weapons |
| 26:47 | Shaman |
| 26:49 | Witch Doctor Adept Training |
| 26:56 | Raider |
| 27:04 | Watch Tower |
| 27:06 | Watch Tower |
| 27:20 | Watch Tower |
| 27:25 | Watch Tower |
| 27:34 | Watch Tower |
| 28:05 | Shaman |
| 28:17 | Potion of Mana |
| 28:17 | Potion of Mana |
| 28:22 | Scroll of Speed |
| 28:25 | Tiny Great Hall |
| Right click | 767 |
| Select | 414 |
| Build/train/purchase | 123 |
| Chat | 87 |
| Use ability | 31 |
| Resource trade | 12 |
| Misc. action | 3 |
| Item give/drop | 1 |
| Remove unit | 1 |